 Dungeon Crawl Stone Soup version 0.29.1-15-g9cfb28693d (webtiles) character file.

Game seed: 8470321757740639989

20 tizbic2 the Stinger (level 2, -1/18 HPs)
             Began as an Octopode Venom Mage on Apr 24, 2023.
             Slain by Terence
             ... wielding a +0 short sword
              (6 damage)
             ... on level 2 of the Dungeon.
             The game lasted 00:04:12 (1931 turns).

tizbic2 the Stinger (Octopode Venom Mage)           Turns: 1931, Time: 00:04:13

Health: -1/18      AC:  1    Str:  4 (7)  XL:     2   Next: 79%
Magic:  1/5        EV: 13    Int: 14 (17) God:
Gold:   25         SH:  4    Dex: 17 (18) Spells: 2/5 levels left

rFire   . . .      SeeInvis .     - Unarmed
rCold   . . .      Faith    .   c - +0 buckler
rNeg    . . .      Spirit   .   (helmet restricted)
rPois   .          Reflect  .   (no amulet)
rElec   .          Harm     .   f - +6 ring of dexterity
rCorr   .          Rampage  .   (no ring)
Will    .....                   (no ring)
Stlth   +++.......              (no ring)
HPRegen 0.06/turn               (no ring)
MPRegen 0.09/turn               (no ring)
                                (no ring)
                                (no ring)

@: very slightly contaminated
A: almost no armour, amphibious, 8 rings, camouflage 1, gelatinous body 1,
(nimble swimmer 1), tentacles
a: no special abilities


You were on level 2 of the Dungeon.
You visited 1 branch of the dungeon, and saw 2 of its levels.

You collected 25 gold pieces.

Inventory:

Missiles
 d - 29 stones
Armour
 c - a +0 buckler (worn)
Jewellery
 f - a +6 ring of dexterity (left tentacle)
Scrolls
 e - a scroll of identify {unknown}
 g - a scroll of amnesia {unknown}
 h - a scroll of summoning {unknown}
Potions
 a - a potion of magic
 b - a potion of heal wounds {unknown}
 i - a potion of mutation {unknown}
 j - a potion of degeneration


   Skills:
 + Level 0.5 Fighting
 - Level 2.0 Dodging
 - Level 2.7 Stealth
 * Level 1.0 Unarmed Combat
 + Level 2.2 Spellcasting
 - Level 1.0 Transmutations
 * Level 4.0 Poison Magic


You had 2 spell levels left.
You knew the following spells:

 Your Spells              Type           Power      Damage    Failure   Level
a - Sting                 Tmut/Pois      32%        1d4       11%         1
b - Poisonous Vapours     Pois/Air       14%        N/A       21%         2

Your spell library contained the following spells:

 Spells                   Type           Power      Damage    Failure   Level
 Mephitic Cloud           Conj/Pois/Air  5%         N/A       47%         3
 Olgreb's Toxic Radiance  Pois           13%        N/A       52%         4


Dungeon Overview and Level Annotations

Branches:
Dungeon (2/15)

Altars:

Annotations:
D:2 Terence


Innate Abilities, Weirdness & Mutations

You cannot wear most types of armour.
You are amphibious.
You can wear up to eight rings at the same time.
Your skin changes colour to match your surroundings (Stealth+).
Your rubbery body absorbs attacks. (AC +1, EV +1)
((You are camouflaged when in or above water. (Stealth+)))
You have tentacles for arms and can constrict up to eight enemies at once.


Message History

d - 29 stones (gained 8)
Found 2 golden potions.
j - 2 golden potions
Found an escape hatch in the ceiling.
Terence the Incautious comes into view.
He is wielding a +0 short sword.
Found a forked bronze wand.
Casting: Poisonous Vapours (safe; 17% risk of failure)
Confirm with . or Enter, or press ? or * to list all spells.
Aiming: Poisonous Vapours (safe; 17% risk of failure)
Press: ? - help, Dir - move target, f - Terence
Aim: Terence, wielding a +0 short sword and wearing a +0 scale mail (asleep) Poisonous vapours surround Terence!
Terence is poisoned.
Terence shouts!
Casting: Poisonous Vapours (safe; 17% risk of failure)
Confirm with . or Enter, or press ? or * to list all spells.
Aiming: Poisonous Vapours (safe; 17% risk of failure)
Press: ? - help, Dir - move target, f/p - Terence
Aim: Terence, wielding a +0 short sword and wearing a +0 scale mail (lightly wounded, poisoned)
You miscast Poisonous Vapours.
You are very lightly contaminated with residual magic.
Nothing appears to happen.
Terence looks more healthy.
Casting: Poisonous Vapours (safe; 17% risk of failure)
Confirm with . or Enter, or press ? or * to list all spells.
Aiming: Sting (safe; 9% risk of failure)
Press: ? - help, Shift-Dir - straight line, f/p - Terence
Aim: Terence, wielding a +0 short sword and wearing a +0 scale mail (moderately wounded, 75% to hit)
The sting hits Terence but does no damage.
Terence is poisoned.
Terence is moderately wounded.
Terence hits you with a +0 short sword!
You closely miss Terence. Your grab misses Terence.
Terence is moderately wounded.
Terence hits you with a +0 short sword.
* * * LOW HITPOINT WARNING * * *
It was a potion of degeneration.
There was something very wrong with that liquid.
You feel weakened.
You feel dopey.
You feel clumsy. Terence hits you with a +0 short sword.
You die...

#/#.# #...# #<#
#.#.#########
##.......
#.#....#.. .#
.######
#.####.#.##.#.#
.#
#.###..#.....
.# #<..#.##..#
.# ###.#.....#
## #.#####.#
#...@@..#
#########


You could see Terence (poisoned).

Vanquished Creatures
  3 ball pythons (D:1)
  A bat (D:1)
  An endoplasm (D:1)
  2 giant cockroaches (D:1)
  2 hobgoblins (D:1)
  A quokka (D:1)
  4 goblins (D:1)
  2 kobolds (D:1)
  3 rats (D:1)
19 creatures vanquished.

Notes
Turn   | Place    | Note
-------+----------+-------------------------------------------
     0 | D:1      | tizbic2 the Octopode Venom Mage began the quest for the
                  | Orb.
     0 | D:1      | Reached XP level 1. HP: 11/11 MP: 3/3
   771 | D:1      | Reached XP level 2. HP: 7/17 MP: 5/5
  1012 | D:1      | Learned a level 2 spell: Poisonous Vapours
  1047 | D:1      | Reached skill level 4 in Poison Magic
  1531 | D:1      | Found a faded altar of an unknown god.
  1536 | D:1      | Reached skill level 1 in Unarmed Combat
  1920 | D:2      | Noticed Terence
  1931 | D:2      | Slain by Terence

Illustrated notes

Levels and vault maps discovered:
D:1:      psy_arrival_whirlpool, layout_loops_corners,
          hellmonk_ecumenical_altar_prayer_group, minmay_misc_feat_rugged,
          minmay_misc_feat_rows
D:2:      layout_basic, uniq_terence

Skill      XL: |  1  2 |
---------------+-------+-----
Poison Magic   | 4 |  4.0
Unarmed Combat | 1 |  1.0
Fighting       | |  0.5
Dodging        | |  2.0
Stealth        | |  2.7
Spellcasting   | |  2.2
Transmutations | |  1.0

Action                   || total
-------------------------++-------
Melee: Unarmed           ||    20
       Constrict         ||     7
       Tentacles         ||     6
       Club              ||     3
       Punch             ||     1
Throw: Stone             ||     1
 Cast: Sting             ||    18
       Poisonous Vapours ||     4
  Use: Potion            ||     1
Dodge: Dodged            ||     9
Block: Buckler           ||     1
